 Dungeon Crawl Stone Soup version 0.26.0-45-g9c1d065592 (webtiles) character file.

Game seed: 1008487327125239135

389 trckry the Bolt Thrower (level 6, -7/36 HPs)
             Began as a Tengu Hunter on Jan 30, 2021.
             Killed by divine providence
             ... invoked by an orc priest
              (12 damage)
             ... on level 4 of the Dungeon.
             The game lasted 00:08:17 (3711 turns).

trckry the Bolt Thrower (Tengu Hunter)              Turns: 3711, Time: 00:08:18

Health: -7/36      AC:  3    Str: 14    XL:     6   Next: 79%
Magic:  8/8        EV: 15    Int: 11    God:
Gold:   201        SH:  0    Dex: 15    Spells: 5/5 levels left

rFire    . . .     SeeInvis .   a - +1 hand crossbow
rCold    . . .     Faith    .   (no shield)
rNeg     . . .     Spirit   .   c - +0 leather armour
rPois    .         Reflect  .   (helmet restricted)
rElec    .         Harm     .   (no cloak)
rCorr    .         Rampage  .   (no gloves)
Will     .....                  (boots unavailable)
Stlth    +.........             (no amulet)
HPRegen  0.12/turn              (no ring)
MPRegen  0.11/turn              (no ring)

@: flying quickly and evasively, quick
A: beak, talons 3, able to fly
a: Stop Flying


You were on level 4 of the Dungeon.
You visited 1 branch of the dungeon, and saw 4 of its levels.
You also visited: Sewer.

You collected 201 gold pieces.

Inventory:

Hand Weapons
 a - a +1 hand crossbow (weapon)
 b - a +0 flail
Missiles
 d - 11 bolts (quivered ammo)
 u - 10 poisoned darts
Armour
 c - a +0 leather armour (worn)
Jewellery
 l - a cursed ring of teleportation {unknown}
 n - an uncursed ring of wizardry {unknown}
 B - an uncursed ring of willpower {unknown}
Scrolls
 e - 3 scrolls of amnesia {unknown}
 f - a scroll of random uselessness {unknown}
 g - 2 scrolls of enchant armour {unknown}
 h - 3 scrolls of remove curse {unknown}
 k - 4 scrolls of identify {unknown}
 o - a scroll of fog {unknown}
 p - a scroll of enchant weapon {unknown}
 q - 5 scrolls of teleportation {unknown}
 t - a scroll of blinking {unknown}
 v - a scroll of magic mapping {unknown}
 y - a scroll of fear {unknown}
Potions
 i - a potion of lignification {unknown}
 j - a potion of magic {unknown}
 m - 4 potions of heal wounds {unknown}
 r - a potion of attraction {unknown}
 s - 2 potions of resistance {unknown}
 w - 3 potions of curing {unknown}
 x - 2 potions of flight {unknown}
 z - 2 potions of haste {unknown}
 A - a potion of brilliance {unknown}


   Skills:
 + Level 2.9 Fighting
 + Level 2.1 Staves
 * Level 5.9 Crossbows
 + Level 2.3 Armour
 + Level 3.2 Dodging
 - Level 1.0 Stealth
 + Level 1.7 Invocations
 + Level 2.1 Evocations


You had 5 spell levels left.
You didn't know any spells.
Your spell library was empty.

Dungeon Overview and Level Annotations

Branches:
Dungeon (4/15)              Sewer (visited)
 Temple: D:4-7

Altars:
Cheibriados
Dithmenos
Fedhas
Hepliaklqana
Kikubaaqudgha
Xom
Zin
The Shining One


Innate Abilities, Weirdness & Mutations

You have a beak for a mouth.
You have claws for feet.
You can fly continuously.


Message History

You kill the orc!
The orc priest calls down the wrath of Beogh upon you.
Beogh smites you!
You shoot a bolt.
The bolt hits the orc priest but does no damage.
You shoot a bolt. The bolt barely misses the orc priest.
You shoot a bolt. The bolt hits the orc priest.
The orc priest is lightly wounded.
The orc priest closely misses you.
The orc priest mumbles some strange prayers to Beogh against you.
Beogh smites you!
The orc priest calls down the wrath of Beogh upon you.
Beogh smites you!
* * * LOW HITPOINT WARNING * * *
You see here a spear.
Evoke which item? (* to show all) (? for menu, Esc to quit)
Okay, then.
The orc priest calls down the wrath of Beogh upon you.
Beogh smites you!
You die...

##### #(#
#####...#########.#
.......@..)o.o..#.#
#####...#######.#.#
##### ##.#.######
#.o#.#.....
##.##.#.#...
######...#....(.(
#......#..o....##
#.####...###.#.#
##### #.# ##.##
###.#


You could see an orc priest and an orc.

Vanquished Creatures
  A big kobold (Sewer)
  A bullfrog (D:3)
  Jessica (D:3)
  Natasha (thrice) (D:3)
  2 adders (D:3)
  A river rat (Sewer)
  2 oozes (Sewer)
  9 worms
  A dart slug (D:3)
  9 orcs
  A ball python (Sewer)
  2 giant cockroaches
  8 goblins
  7 hobgoblins
  9 jackals
  15 kobolds
  A quokka (D:4)
  4 bats
  A frilled lizard (D:2)
  7 rats
85 creatures vanquished.

Notes
Turn   | Place    | Note
-------+----------+-------------------------------------------
     0 | D:1      | trckry the Tengu Hunter began the quest for the Orb.
     0 | D:1      | Reached XP level 1. HP: 12/12 MP: 2/2
    51 | D:1      | Reached XP level 2. HP: 4/17 MP: 3/3
   460 | D:1      | You fall into a shaft and drop 1 floor!
  1052 | D:1      | Reached XP level 3. HP: 21/21 MP: 4/4
  1103 | D:1      | Reached skill level 1 in Armour
  1336 | D:2      | HP: 2/21 [worm (11)]
  1789 | D:2      | Found a blossoming altar of Fedhas.
  1800 | D:2      | Found an ancient bone altar of Kikubaaqudgha.
  1811 | D:2      | Found a glowing golden altar of the Shining One.
  1958 | D:2      | Found a shadowy altar of Dithmenos.
  2001 | D:3      | Reached skill level 1 in Staves
  2040 | D:3      | Noticed a bullfrog
  2061 | D:3      | Killed a bullfrog
  2062 | D:3      | Reached skill level 5 in Crossbows
  2062 | D:3      | Reached skill level 1 in Invocations
  2062 | D:3      | Reached skill level 1 in Evocations
  2062 | D:3      | Reached XP level 4. HP: 21/27 MP: 5/5
  2062 | D:3      | Gained mutation: You can fly continuously. [Tengu growth]
  2062 | D:3      | Reached XP level 5. HP: 24/31 MP: 6/6
  2146 | D:3      | Found a glowing silver altar of Zin.
  2146 | D:3      | Found a snail-covered altar of Cheibriados.
  2246 | D:3      | Noticed Natasha
  2253 | D:3      | Killed Natasha
  2345 | D:3      | Noticed Jessica
  2387 | D:3      | Found a glowing drain.
  2415 | Sewer    | Entered a sewer
  2511 | Sewer    | Noticed a big kobold
  2521 | Sewer    | Killed a big kobold
  2522 | Sewer    | Reached XP level 6. HP: 21/36 MP: 6/8
  2957 | D:3      | Killed Jessica
  2967 | D:3      | Noticed Natasha
  2981 | D:3      | Killed Natasha
  3233 | D:3      | Noticed Natasha
  3241 | D:3      | Killed Natasha
  3426 | D:3      | Found a hazy altar of Hepliaklqana.
  3432 | D:3      | Found a shimmering altar of Xom.
  3434 | D:3      | Noticed a spectral ugly thing
  3697 | D:4      | HP: 4/36 [orc priest/divine providence (12)]
  3711 | D:4      | Killed from afar by an orc priest

Illustrated notes

Levels and vault maps discovered:
D:1:      dpeg_arrival_arbitrary_b, layout_basic, hangedman_abyss_or_decor_stabs
D:2:      layout_basic, nicolae_overflow_quartered_altars, serial_forest,
          infiniplex_forest_diagonal, infiniplex_forest_clump_C,
          infiniplex_forest_lined_3_way, infiniplex_forest_lined_4_way
D:3:      layout_basic, regret_index_temple_of_mockery,
          gammafunk_temple_overflow_pools, cheibrodos_sewer_entry_bend,
          uniq_natasha, uniq_jessica
D:4:      layout_loops_ring, uniq_pikel

Skill      XL: |  1  2  3  4  5  6 |
---------------+-------------------+-----
Armour         | 1 2 |  2.3
Staves         | 1 2 |  2.1
Crossbows      | 5 |  5.9
Invocations    | 1 |  1.7
Evocations     | 1 2 |  2.1
Dodging        | 3 |  3.2
Fighting       | |  2.9
Stealth        | |  1.0

Action                   |  1- 3 |  4- 6 || total
-------------------------+-------+-------++-------
Melee: Short sword       |    63 |       ||    63
       Kick              |    27 |       ||    27
       Peck              |    13 |       ||    13
       Flail             |     8 |       ||     8
 Fire: Hand crossbow     |     9 |   147 ||   156
 Abil: Fly               |       |     1 ||     1
 Stab: Sleeping          |     4 |       ||     4
Armor: Leather armour    |    13 |     5 ||    18
Dodge: Dodged            |    59 |    32 ||    91
